 Dungeon Crawl Stone Soup version 0.20.1-1-g8b1a95d (webtiles) character file.

2286 lorenzova the Thaumaturge (level 9, -1/45 HPs)
             Began as a Deep Elf Conjurer on Oct 5, 2017.
             Slain by a harpy zombie (8 damage)
             ... on level 7 of the Dungeon.
             The game lasted 00:14:02 (6844 turns).

lorenzova the Thaumaturge (Deep Elf Conjurer)       Turns: 6844, Time: 00:14:02

Health: -1/45      AC:  2    Str:  5    XL:     9   Next: 17%
Magic:  4/25       EV: 13    Int: 24    God:
Gold:   269        SH:  0    Dex: 15    Spells: 18/29 levels left

rFire    . . .     SeeInvis +   w - +0 rapier (speed)
rCold    . . .     Gourm    .   (no shield)
rNeg     . . .     Faith    .   J - +0 robe (curse)
rPois    .         Spirit   .   q - +0 hat
rElec    .         Reflect  .   (no cloak)
rCorr    .         Harm     .   (no gloves)
MR       .....                  (no boots)
Stlth    ++........             (no amulet)
Regen    0.2/turn               A - ring of see invisible
MPRegen  0.2/turn               K - ring of flight

@: no status effects
A: no striking features
a: Evoke Flight


You were on level 7 of the Dungeon.
You were hungry.

You visited 1 branch of the dungeon, and saw 7 of its levels.

You collected 269 gold pieces.

Inventory:

Hand Weapons
 w - a +0 rapier of speed (weapon)
Armour
 a - a +0 robe
 q - a +0 hat (worn)
 D - the cursed +1 ring mail of Vaitta {rC+ Str+3, unknown}
   (You found it on level 4 of the Dungeon)

   It affects your strength (+3).
   It protects you from cold.
   It has a curse placed upon it.
 J - a cursed +0 robe (worn)
Jewellery
 A - a ring of see invisible (left hand)
 K - a ring of flight (right hand)
Wands
 l - a wand of iceblast (4/15)
 C - a wand of paralysis (13/24)
 H - a wand of lightning (6/15)
Scrolls
 d - 2 scrolls of fear {unknown}
 e - a scroll of identify
 f - 4 scrolls of remove curse {unknown}
 g - 2 scrolls of noise {unknown}
 h - a scroll of enchant weapon {unknown}
 i - a scroll of enchant armour {unknown}
 j - 2 scrolls of fog {unknown}
 k - 2 scrolls of teleportation {unknown}
 m - 2 scrolls of random uselessness {unknown}
 r - a scroll of blinking {unknown}
 v - 4 scrolls of amnesia {unknown}
 y - a scroll of recharging {unknown}
 F - a scroll of brand weapon {unknown}
Potions
 n - a potion of might
 o - a potion of berserk rage
 p - 4 potions of heal wounds
 t - a potion of resistance
 u - a potion of mutation {unknown}
 x - a potion of haste {unknown}
 z - a potion of curing {unknown}
 B - 2 potions of magic {unknown}
 E - a potion of degeneration {unknown}
 G - a potion of ambrosia {unknown}
 I - 2 potions of brilliance {unknown}
 L - a potion of lignification {unknown}
Books
 b - a book of Conjurations

   Spells                             Type                      Level
   a - Magic Dart                     Conjuration                  1
   b - Searing Ray                    Conjuration                  2
   c - Dazzling Spray                 Conjuration/Hexes            3
   d - Fulminant Prism                Conjuration/Hexes            4
   e - Force Lance                    Conjuration/Translocation    4
   f - Iskenderun's Mystic Blast      Conjuration                  4
Comestibles
 c - 5 bread rations
 s - 6 meat rations
 N - a royal jelly


   Skills:
 - Level 2.4 Dodging
 - Level 2.4 Stealth
 * Level 10.5 Spellcasting
 * Level 9.8 Conjurations
 + Level 6.4 Hexes


You had 18 spell levels left.
You knew the following spells:

 Your Spells              Type           Power        Failure   Level  Hunger
a - Magic Dart            Conj           ####         1%          1    None
b - Searing Ray           Conj           ######       1%          2    None
c - Iskenderun's Mystic   Conj           ######..     1%          4    None
d - Fulminant Prism       Conj/Hex       ######....   1%          4    None


Dungeon Overview and Level Annotations

Branches:
Dungeon (7/15)
 Temple: D:4-7

Altars:
Yredelemnul

Annotations:
D:6 exclusion: upstairs


Message History

Increase (S)trength, (I)ntelligence, or (D)exterity?
You feel clever. The hound bites you.
* * * LOW HITPOINT WARNING * * *
The hound misses you.
Casting: Magic Dart
Confirm with . or Enter, or press ? or * to list all spells.
Aiming: Iskenderun's Mystic Blast
Press: ? - help, Shift-Dir - straight line, f - hound
Aim: a hound The orb of energy hits the hound.
The hound is severely wounded.
The orb of energy explodes!
You hear a shout!
You hear a chilling moan.
You hear a shout!
Something shouts, "Give up, thou weakly ill-nurtured crab-lanthorn!"
The hound misses you.
A harpy zombie comes into view.
The hound misses you. The harpy zombie claws you!
You die...

#........
##........
#.........
#.........
+.......#
#.......#
#.h.....#
#..Z>...#
#.@.....#
#.......#
#.......#
#.......#
#.......#
#.......#
#.......#
#........


You could see a hound and a harpy zombie.

Vanquished Creatures
  Pikel (D:5)
  A centaur zombie (D:7)
  2 slaves (D:5)
  A sky beast (D:5)
  A black bear (D:6)
  An ogre (D:4)
  2 phantoms
  A bullfrog (D:6)
  2 scorpions
  5 wights (D:6)
  3 crimson imps
  A hound (D:6)
  A bullfrog skeleton (D:4)
  2 centaur skeletons (D:6)
  2 iguanas
  Terence (D:2)
  A worker ant (D:4)
  4 orc wizards (D:6)
  A hound zombie (D:5)
  A hound skeleton (D:6)
  A worker ant zombie (D:5)
  A howler monkey zombie (D:5)
  10 adders
  A howler monkey skeleton (D:5)
  A shadow imp (D:5)
  2 oozes (D:3)
  2 worms (D:3)
  A dart slug (D:1)
  8 leopard geckos
  16 orcs
  2 ball pythons
  2 giant cockroaches
  4 goblins
  8 hobgoblins
  2 jackals (D:5)
  2 quokkas
  A ball python skeleton (D:5)
  5 bats
  4 frilled lizards
  6 kobolds
  A quokka skeleton (D:5)
  6 rats
120 creatures vanquished.

Vanquished Creatures (others)
  A centaur (D:5)
  An adder (D:5)
  7 fulminant prisms
9 creatures vanquished.

Grand Total: 129 creatures vanquished

Notes
Turn   | Place    | Note
-------+----------+-------------------------------------------
     0 | D:1      | lorenzova the Deep Elf Conjurer began the quest for the Orb.
     0 | D:1      | Reached XP level 1. HP: 10/10 MP: 6/6
   159 | D:1      | Reached XP level 2. HP: 15/15 MP: 0/8
   182 | D:1      | Learned a level 2 spell: Searing Ray
   733 | D:1      | Reached skill level 4 in Spellcasting
  1005 | D:2      | Noticed Terence
  1010 | D:2      | Killed Terence
  1010 | D:2      | Reached skill level 5 in Conjurations
  1010 | D:2      | Reached XP level 3. HP: 19/19 MP: 4/10
  1330 | D:2      | Reached XP level 4. HP: 24/24 MP: 8/12
  1343 | D:2      | Learned a level 4 spell: Iskenderun's Mystic Blast
  1348 | D:2      | Learned a level 4 spell: Fulminant Prism
  1761 | D:2      | Reached skill level 5 in Spellcasting
  2090 | D:3      | Reached skill level 1 in Hexes
  2515 | D:3      | Reached XP level 5. HP: 28/28 MP: 11/15
  2845 | D:4      | Noticed a phantom
  3068 | D:4      | Noticed an ogre
  3075 | D:4      | Killed an ogre
  3075 | D:4      | Reached skill level 6 in Spellcasting
  3173 | D:4      | Killed a phantom
  3173 | D:4      | Reached XP level 6. HP: 32/32 MP: 3/17
  3319 | D:4      | Got a polished ring mail
  3726 | D:5      | Entered Level 5 of the Dungeon
  3727 | D:5      | Reached skill level 7 in Spellcasting
  3919 | D:5      | Noticed a slave
  3921 | D:5      | Noticed Pikel
  3932 | D:5      | Noticed a slave
  3932 | D:5      | Killed a slave
  4068 | D:5      | Reached XP level 7. HP: 32/36 MP: 5/19
  4647 | D:5      | Killed Pikel
  4647 | D:5      | Reached skill level 8 in Spellcasting
  4647 | D:5      | Reached XP level 8. HP: 41/41 MP: 6/22
  5165 | D:5      | Found a basalt altar of Yredelemnul.
  5319 | D:6      | Reached skill level 5 in Hexes
  5483 | D:6      | Reached skill level 9 in Spellcasting
  5835 | D:5      | Noticed a rust devil
  5835 | D:5      | Noticed a rust devil
  6392 | D:6      | Reached skill level 10 in Spellcasting
  6840 | D:7      | Reached XP level 9. HP: 12/45 MP: 7/25
  6844 | D:7      | Slain by a harpy zombie

Skill      XL: |  1  2  3  4  5  6  7  8 |
---------------+-------------------------+-----
Spellcasting   | 4 5 6 7 8 10 | 10.5
Conjurations   | 5 6 8 9 |  9.8
Hexes          | 1 2 3 4 6 |  6.4
Dodging        | |  2.4
Stealth        | |  2.4

Action                   |  1- 3 |  4- 6 |  7- 9 || total
-------------------------+-------+-------+-------++-------
Melee: Unarmed           |     1 |       |       ||     1
       Rapier            |       |       |     4 ||     4
 Cast: Magic Dart        |    61 |    91 |   110 ||   262
       Searing Ray       |     1 |       |     4 ||     5
       Iskenderun's Myst |       |    18 |    26 ||    44
       Fulminant Prism   |       |     1 |     6 ||     7
  Use: Scroll            |       |       |     4 ||     4
 Stab: Sleeping          |       |       |     1 ||     1
  Eat: Chunk             |       |     6 |     4 ||    10
       Fruit             |       |     4 |       ||     4
       Royal jelly       |       |     1 |       ||     1
       Meat ration       |       |       |     1 ||     1
Armor: Robe              |       |     2 |     2 ||     4
Dodge: Dodged            |     3 |     9 |    26 ||    38
